 Dungeon Crawl Stone Soup version 0.26.0-10-g1f06aea511 (webtiles) character file.

Game seed: 9330580852916095116

304 Arum the Ruffian (level 6, -4/53 HPs)
             Began as a Ghoul Gladiator on Jan 16, 2021.
             Was an Initiate of Ru.
             Splashed by Ijyb's acid (15 damage)
             ... on level 4 of the Dungeon.
             The game lasted 00:03:57 (3185 turns).

Arum the Ruffian (Ghoul Gladiator)                  Turns: 3185, Time: 00:03:57

Health: -4/53      AC:  4    Str: 20    XL:     6   Next: 38%
Magic:  5/5        EV: 13    Int:  3    God:    Ru [......]
Gold:   216        SH:  0    Dex: 10    Spells: 5/5 levels left

rFire    . . .     SeeInvis .     - Unarmed
rCold    + . .     Faith    .   (no shield)
rNeg     + + +     Spirit   .   a - +0 leather armour
rPois    ∞         Reflect  .   b - +0 helmet
rElec    .         Harm     .   (no cloak)
rCorr    .         Rampage  .   (no gloves)
Will     .....                  (no boots)
Stlth    ++........             (no amulet)
HPRegen  0.00/turn              f - ring of wizardry
MPRegen  0.09/turn              i - ring of stealth

@: brilliant
A: claws 1, cold resistance 1, negative energy resistance 3, inhibited
regeneration, torment resistance, unbreathing
a: Renounce Religion


You were on level 4 of the Dungeon.
You worshipped Ru.
Ru was noncommittal.
You visited 1 branch of the dungeon, and saw 4 of its levels.

You collected 216 gold pieces.

Inventory:

Missiles
 c - 3 throwing nets (quivered)
Armour
 a - a +0 leather armour (worn)
 b - a +0 helmet (worn)
 h - a +2 pair of gloves
Jewellery
 f - a ring of wizardry (left claw)
 i - a ring of stealth (right claw)
 q - a cursed amulet of inaccuracy {unknown}
Wands
 n - a wand of flame (21)
Scrolls
 d - a scroll of fog {unknown}
 e - 5 scrolls of teleportation {unknown}
 j - 4 scrolls of identify {unknown}
 k - 3 scrolls of enchant armour {unknown}
 o - 3 scrolls of remove curse {unknown}
 p - a scroll of enchant weapon {unknown}
 r - a scroll of magic mapping {unknown}
Potions
 g - a potion of berserk rage


   Skills:
 + Level 4.5 Fighting
 - Level 1.7 Throwing
 + Level 4.2 Dodging
 + Level 5.1 Unarmed Combat


You had 5 spell levels left.
You didn't know any spells.
Your spell library contained the following spells:

 Spells                   Type           Power        Failure   Level
 Beastly Appendage        Tmut           Unusable     N/A         1
 Wereblood                Tmut           Unusable     N/A         2
 Spider Form              Tmut/Pois      Unusable     N/A         3
 Ice Form                 Ice/Tmut       Unusable     N/A         4
 Blade Hands              Tmut           Unusable     N/A         5

Dungeon Overview and Level Annotations

Branches:
Dungeon (4/15)
 Temple: D:4-7

Altars:
Ru
Xom
Yredelemnul

Annotations:
D:4 Ijyb


Innate Abilities, Weirdness & Mutations

You thrive by killing the living.
You are immune to poison.
You have sharp fingernails.
Your flesh is cold resistant. (rC+)
You are immune to negative energy. (rN+++)
You do not regenerate when monsters are visible.
You are immune to unholy pain and torment.
You can survive without breathing.


Message History

It was a potion of heal wounds.
You feel much better. Ijyb barely misses you.
You scratch Ijyb but do no damage.
Ijyb is heavily wounded.
Ijyb hits you but does no damage.
Unknown command.
You scratch Ijyb but do no damage.
Ijyb is heavily wounded.
Ijyb screams, "Level is mine!
All mine!"
Ijyb hits you.
Unknown command.
You miss Ijyb.
Ijyb is heavily wounded.
Ijyb hits you.
Unknown command.
You scratch Ijyb but do no damage.
Ijyb is heavily wounded.
Ijyb zaps a wand.
The bolt of acid hits you!!
* * * LOW HITPOINT WARNING * * *
You are splashed with acid!
You die...

........# ........#.
.......... ...
##.......# ...#
####.......## #..##
#...........####.....
#.............#....#
#..g@..............#
#..###.........# ##
## ##......#.## #...
#.........# #.#.
#..........####...
#...........#.....
##......^.........
###....#....>....
##...###.......


You could see Ijyb.

Vanquished Creatures
  A phantom (D:3)
  A howler monkey (D:4)
  A centaur zombie (D:2)
  7 adders
  3 worms
  A leopard gecko (D:1)
  3 orcs (D:3)
  11 bats
  5 giant cockroaches
  9 goblins
  5 hobgoblins
  11 jackals
  7 kobolds
  A ball python (D:2)
  2 frilled lizards
  6 rats
74 creatures vanquished.

Notes
Turn   | Place    | Note
-------+----------+-------------------------------------------
     0 | D:1      | Arum the Ghoul Gladiator began the quest for the Orb.
     0 | D:1      | Reached XP level 1. HP: 17/17 MP: 0/0
   154 | D:1      | Reached XP level 2. HP: 22/25 MP: 1/1
   758 | D:1      | Reached XP level 3. HP: 30/30 MP: 2/2
   846 | D:2      | Reached skill level 4 in Unarmed Combat
   846 | D:2      | Reached XP level 4. HP: 18/38 MP: 3/3
  1675 | D:2      | Reached XP level 5. HP: 38/46 MP: 4/4
  2028 | D:3      | Found a shimmering altar of Xom.
  2031 | D:3      | Found a basalt altar of Yredelemnul.
  2034 | D:3      | Found a sacrificial altar of Ru.
  2044 | D:3      | Became a worshipper of Ru the Awakened
  2535 | D:3      | Noticed a phantom
  2575 | D:3      | Killed a phantom
  2576 | D:3      | Reached skill level 5 in Unarmed Combat
  2576 | D:3      | Reached XP level 6. HP: 16/53 MP: 5/5
  3162 | D:4      | Noticed Ijyb
  3176 | D:4      | HP: 2/53 [acid (10)]
  3185 | D:4      | Splashed by Ijyb's acid

Illustrated notes

Levels and vault maps discovered:
D:1:      lightli_molten_gateway, layout_basic, kennysheep_decorative_pillar,
          minmay_misc_feat_secret_circle
D:2:      layout_rooms, minmay_misc_feat_five
D:3:      cheibrodos_helix_gallery, layout_basic, grunt_temple_overflow_open
D:4:      layout_cave_pools, fedhas_altar_4, chequers_serial_rivers_micro_c,
          uniq_ijyb

Skill      XL: |  1  2  3  4  5 |
---------------+----------------+-----
Dodging        | 3 4 |  4.2
Fighting       | 3 4 |  4.5
Unarmed Combat | 4 5 |  5.1
Throwing       | |  1.7

Action                   |  1- 3 |  4- 6 || total
-------------------------+-------+-------++-------
Melee: Unarmed           |    69 |   220 ||   289
       Punch             |     4 |     3 ||     7
  Use: Potion            |       |     5 ||     5
 Stab: Sleeping          |       |     3 ||     3
Armor: Leather armour    |    18 |    67 ||    85
Dodge: Dodged            |    55 |   154 ||   209
